 Dungeon Crawl Stone Soup version 0.21.1-1-g345015f (webtiles) character file.

377 Monsterracer the Chopper (level 7, 0/53 HPs)
             Began as a Human Fighter on Feb 14, 2018.
             Slain by a shadow imp (1 damage)
             ... summoned by Eustachio
             ... on level 5 of the Dungeon.
             The game lasted 00:05:10 (4603 turns).

Monsterracer the Chopper (Human Fighter)            Turns: 4603, Time: 00:05:11

Health: 0/53       AC: 11    Str: 19    XL:     7   Next: 4%
Magic:  7/7        EV:  5    Int:  8    God:
Gold:   292        SH:  9    Dex: 12    Spells: 6/6 levels left

rFire    . . .     SeeInvis .   a - +0 war axe
rCold    . . .     Gourm    .   f - +0 shield
rNeg     . . .     Faith    .   q - +0 chain mail
rPois    .         Spirit   .   (no helmet)
rElec    .         Reflect  .   (no cloak)
rCorr    .         Harm     .   o - +1 pair of gloves
MR       .....                  (no boots)
Stlth    ..........             e - amulet of magic regeneration
HPRegen  0.17/turn              (no ring)
MPRegen  0.35/turn              (no ring)

@: drained
A: no striking features
a: no special abilities


You were on level 5 of the Dungeon.
You were not hungry.

You visited 2 branches of the dungeon, and saw 6 of its levels.

You collected 292 gold pieces.

Inventory:

Hand Weapons
 a - a +0 war axe (weapon)
 b - a +0 flail
Armour
 f - a +0 shield (worn)
 o - a +1 pair of gloves (worn)
 q - a +0 chain mail (worn)
Jewellery
 e - an amulet of magic regeneration (around neck)
Scrolls
 l - 2 scrolls of remove curse
 n - a scroll of enchant armour
Potions
 d - 2 potions of might
 g - a potion of heal wounds {unknown}
 h - a potion of lignification {unknown}
 i - a potion of agility {unknown}
 j - 4 potions of curing
 k - 2 potions of magic
 m - a potion of ambrosia {!q}
 r - a potion of cancellation
Comestibles
 c - 10 rations
 p - 3 chunks of flesh


   Skills:
 + Level 3.9(3.0) Fighting
 * Level 5.3(4.4) Axes
 + Level 3.9(3.1) Armour
 + Level 3.9(3.0) Shields


You had 6 spell levels left.
You didn't know any spells.

Dungeon Overview and Level Annotations

Branches:
Dungeon (5/15)             Temple (1/1) D:4

Altars:
Cheibriados
Dithmenos
Elyvilon
Fedhas
Gozag
Hepliaklqana
Okawaru
Qazlal
Ru
Sif Muna
Trog
Wu Jian
Yredelemnul
The Shining One

Shops:
D:4 %

Portals:
Sewer: D:5

Annotations:
D:5 Eustachio


Message History

The quasit splashes around in the water.
The quasit completely misses your adder.
The quasit barely misses your adder.
Your adder misses the quasit.
Health restored: 53 Your adder dissolves into shadows!
Your leopard gecko skeleton splashes around in the water.
There is a glowing drain here.
Your leopard gecko skeleton barely misses the hound skeleton.
Eustachio gestures wildly while chanting.
You block the hound skeleton's attack.
Your leopard gecko skeleton bites the hound skeleton.
The hound skeleton bites you but does no damage.
Eustachio gestures wildly while chanting.
Your leopard gecko skeleton bites the hound skeleton.
Your shield and chain mail prevent you from hitting the quasit.
You hit the hound skeleton.
The quasit disappears in a puff of smoke!
The hound skeleton bites you. You block the hound skeleton's attack.
The frilled lizard unfolds its giant frill.
Your leopard gecko skeleton bites the hound skeleton.
You take 1 damage, and have 52/53 hp.
You hit the river rat.
The river rat is lightly wounded.
Your shield prevents you from hitting the hound skeleton.
You hit the frilled lizard.
You kill the frilled lizard!
You block the hound skeleton's attack.
Your leopard gecko skeleton bites the hound skeleton.
The river rat bites you.
The shadow imp hits your leopard gecko skeleton.
Your leopard gecko skeleton is destroyed!
The hound skeleton barely misses you.
You take 2 damage, and have 50/53 hp.
You hit the river rat but do no damage.
The river rat is lightly wounded.
You slash the hound skeleton!
You destroy the hound skeleton!
The river rat bites you. x2
You take 5 damage, and have 45/53 hp.
There is a glowing drain here.
You completely miss Eustachio.
Your shield prevents you from hitting the white imp.
You hit the river rat. The white imp hits you. The white imp freezes you.
Eustachio hits you but does no damage. You block the river rat's attack.
You take 4 damage, and have 41/53 hp.
You slash Eustachio!
Eustachio is moderately wounded.
You hit the river rat. You closely miss the white imp.
You block the white imp's attack. Eustachio hits you but does no damage.
The river rat bites you. The shadow imp gestures at you.
Pain shoots through your body! The white imp gestures at you.
The puff of frost hits you!
Eustachio casts a spell.
Eustachio blinks!
You take 11 damage, and have 30/53 hp.
MASSIVE DAMAGE!!
The river rat bites you but does no damage.
The shadow imp hits you but does no damage.
The white imp gestures at you. The puff of frost hits you!
* * * LOW HITPOINT WARNING * * *
You take 4 damage, and have 26/53 hp.
You closely miss the white imp. You slash the shadow imp!
You closely miss the river rat. You hit the white imp.
You block the river rat's attack. The white imp hits you.
* * * LOW HITPOINT WARNING * * *
The white imp freezes you.
* * * LOW HITPOINT WARNING * * *
The shadow imp hits you.
* * * LOW HITPOINT WARNING * * *
The white imp hits you.
* * * LOW HITPOINT WARNING * * *
The white imp freezes you.
* * * LOW HITPOINT WARNING * * *
You block the river rat's attack.
The white imp hits you but does no damage.
You take 9 damage, and have 17/53 hp.
You hit the river rat.
The river rat is almost dead.
You closely miss the white imp. x2; You closely miss the shadow imp.
The shadow imp sputters.
The shadow imp hits you but does no damage.
You block the white imp's attack. The river rat completely misses you.
The white imp hits you but does no damage.
The shadow imp gestures at you. Pain shoots through your body!
* * * LOW HITPOINT WARNING * * *
The white imp hits you but does no damage.
You take 13 damage, and have 4/53 hp.
MASSIVE DAMAGE!!
You completely miss the shadow imp.
The shadow imp is almost dead.
Your chain mail prevents you from hitting the white imp.
You hit the white imp. You hit the river rat but do no damage.
You block the river rat's attack. The white imp gestures at you.
The puff of frost hits you!
* * * LOW HITPOINT WARNING * * *
The shadow imp hits you.
You die...

.# #+#.# .. .#
####.#.###.. .. .########
#......≈... ...
.........##.##≈≈.≈≈# ....
....####..#.##≈≈.≈≈##....
....####....≈≈...≈.@≈....
....##......≈≈.....≈≈....
....##.#....≈≈..55.≈≈....
....≈§.≈≈...≈≈.5@r.≈≈.##.
...Z≈#+#≈.#.≈≈.....≈≈.#
...g.'_Z..#.##≈≈≈≈≈##.#
...#≈#+#≈##.##≈≈≈≈≈# #
...#≈≈.≈§##..........
.####...####.##....... #
#### #.##.......Z.
#.##......... ##.###+###


You could see Eustachio, a river rat, 2 white imps and a shadow imp.

Vanquished Creatures
  A bullfrog (D:5)
  2 hounds (D:4)
  An orc priest (D:3)
  2 orc wizards (D:3)
  A worker ant (D:4)
  A hound skeleton (D:5)
  2 adders (D:2)
  An ooze (D:3)
  2 worms (D:2)
  3 dart slugs
  2 leopard geckos
  18 orcs
  8 bats
  3 giant cockroaches
  7 goblins
  12 hobgoblins
  2 jackals (D:1)
  A quokka (D:4)
  A ball python (D:3)
  10 frilled lizards
  A jackal skeleton (D:4)
  6 kobolds
  4 rats
91 creatures vanquished.

Vanquished Creatures (collateral kills)
  A bat (D:5)
1 creature vanquished.

Vanquished Creatures (others)
  A quokka (D:4)
1 creature vanquished.

Grand Total: 93 creatures vanquished

Notes
Turn   | Place    | Note
-------+----------+-------------------------------------------
     0 | D:1      | Monsterracer the Human Fighter began the quest for the Orb.
     0 | D:1      | Reached XP level 1. HP: 18/18 MP: 1/1
    68 | D:1      | Reached XP level 2. HP: 22/24 MP: 2/2
   167 | D:1      | Reached skill level 3 in Axes
   339 | D:1      | Reached XP level 3. HP: 28/29 MP: 3/3
   951 | D:2      | Found a bloodstained altar of Trog.
   997 | D:2      | HP: 8/29 [worm (8)]
  1254 | D:2      | Reached skill level 4 in Axes
  1254 | D:2      | Reached XP level 4. HP: 27/35 MP: 4/4
  1519 | D:2      | Found a sacrificial altar of Ru.
  1537 | D:2      | Became a worshipper of Ru the Awakened
  1964 | D:3      | Reached XP level 5. HP: 33/41 MP: 5/5
  1974 | D:3      | HP: 13/41 [orc wizard/puff of flame (9)]
  2436 | D:3      | HP: 16/41 [orc priest/divine providence (11)]
  2437 | D:3      | Reached XP level 6. HP: 19/47 MP: 6/6
  2936 | D:4      | Found a staircase to the Ecumenical Temple.
  2936 | D:4      | Noticed an ogre
  2962 | D:3      | Fell from the grace of Ru
  3031 | D:4      | Reached skill level 5 in Axes
  3060 | D:4      | Found Liusiah's Food Boutique.
  3092 | Temple   | Entered the Ecumenical Temple
  3245 | D:4      | HP: 23/47 [worker ant (5)]
  3304 | D:4      | HP: 24/48 [hound (2)]
  3468 | D:4      | Found a white marble altar of Elyvilon.
  3638 | D:4      | HP: 20/48 [ogre/giant spiked club (6)]
  3643 | D:4      | HP: 12/48 [ogre/giant spiked club (9)]
  3695 | D:4      | HP: 6/48 [ogre/giant spiked club (14)]
  4437 | D:5      | Entered Level 5 of the Dungeon
  4459 | D:5      | Found an iron altar of Okawaru.
  4486 | D:5      | Noticed an ice beast
  4536 | D:5      | Reached XP level 7. HP: 43/53 MP: 7/7
  4565 | D:5      | Found an ornate altar of the Wu Jian Council.
  4573 | D:5      | Found a glowing drain.
  4584 | D:5      | Noticed Eustachio
  4600 | D:5      | HP: 26/53 [white imp/puff of frost[Eustachio] (4)]
  4602 | D:5      | HP: 4/53 [shadow imp/nerve-wracking pain[Eustachio] (13)]
  4603 | D:5      | HP: 1/53 [white imp/puff of frost[Eustachio] (3)]
  4603 | D:5      | Slain by a shadow imp

Skill      XL: |  1  2  3  4  5  6 |
---------------+-------------------+-----
Axes           | 3 4 5 |  5.3
Fighting       | |  3.9
Armour         | |  3.9
Shields        | |  3.9

Action                   |  1- 3 |  4- 6 |  7- 9 || total
-------------------------+-------+-------+-------++-------
Melee: War axe           |   118 |   169 |    10 ||   297
Invok: Renounce Religion |       |     1 |       ||     1
  Use: Scroll            |       |    11 |     1 ||    12
       Potion            |       |     1 |       ||     1
  Eat: Chunk             |     1 |     8 |       ||     9
       Ration            |       |     1 |       ||     1
Armor: Scale mail        |    46 |    30 |       ||    76
       Chain mail        |       |    71 |    18 ||    89
Dodge: Dodged            |    36 |    36 |     9 ||    81
Block: Shield            |    54 |    91 |    16 ||   161

Vault maps used:
D:1:      shiori_arrival_maze, roderic_lattice_a
D:2:      old_standard_altar, nicolae_overflow_crystal_walls
D:4:      elyvilon_altar_4, minmay_temple_entry_large_hall, first_ration,
          serial_shops, shop, minmay_misc_feat_plants
D:5:      kennysheep_mini, nicolae_overflow_hidden_temple,
          eat_drink_and_be_merry_uskayaw, lemuel_coloured_pillars_altar,
          kennysheep_mini_moat, cheibrodos_sewer_entry_sluice, serial_shops,
          shop, st_stairs_10, uniq_crazy_yiuf_cottage, uniq_eustachio
Temple:   nicolae_temple_figure_zero
